PAAA
MILTON DOGFISH HEAD @ PHOENIX HOTSPUR RESERVES
09/18/2030
 
TOP OF THE 1ST
Milton Dogfish Head batting - Pitching for Phoenix Hotspur Reserves : RHP José Ruíz
Pitching: RHP José Ruíz
Batting: LHB Sergio Muńóz 0-0: Foul Ball, location: 2F
0-1: Foul Ball, location: 2F
0-2: Foul Ball, location: 2F
0-2: SINGLE (Line Drive, 8LS)
Batting: RHB Darrell Terwey 0-0: Swinging Strike
0-1: Ball
1-1: Ball
2-1: Foul Ball, location: 2F
2-2: Fly out, F4 (Popup, 4)
Batting: RHB Yves Girard 0-0: Fly out, F5 (Line Drive, 5)
Batting: SHB Tony Walsh 0-0: Ball
1-0: Ball
2-0: Ground out 4-3 (Groundball, 34D)
Top of the 1st over - 0 runs, 1 hit, 0 errors, 1 left on base; Milton 0 - Phoenix 0
BOTTOM OF THE 1ST
Phoenix Hotspur Reserves batting - Pitching for Milton Dogfish Head : RHP Francisco Barrios
Pitching: RHP Francisco Barrios
Batting: RHB Francisco Arriagada 0-0: Ball
1-0: Called Strike
1-1: Fly out, F3 (Popup, 3SF)
Batting: RHB Satoshi Terada 0-0: Fly out, F8 (Flyball, 89M)
Batting: RHB Enrico Sánchez 0-0: Ball
1-0: Called Strike
1-1: Ground out 1-3 (Groundball, 13S)
Bottom of the 1st over - 0 runs, 0 hits, 0 errors, 0 left on base; Milton 0 - Phoenix 0
TOP OF THE 2ND
Milton Dogfish Head batting - Pitching for Phoenix Hotspur Reserves : RHP José Ruíz
Batting: SHB Javier Luna 0-0: Called Strike
0-1: Ball
1-1: SINGLE (Flyball, 7LS)
Batting: SHB Alejandro Castillo 0-0: Ball
1-0: Ball
2-0: Ball
3-0: Called Strike
3-1: Swinging Strike
3-2: Foul Ball, location: 2F
3-2: Base on Balls
Javier Luna to second
Batting: RHB Bill Tan 0-0: Ball
1-0: Called Strike
1-1: Foul Ball, location: 2F
1-2: Strikes out swinging
Batting: LHB Jeff Lawson 0-0: Ball
Wild Pitch!
Javier Luna to third
Alejandro Castillo to second
1-0: Ball
2-0: Fly out, F6 (Line Drive, 56)
Now at SS: Bob Curry
Batting: SHB Enrique Costello 0-0: Fly out, F5 (Popup, 25F)
Top of the 2nd over - 0 runs, 1 hit, 0 errors, 2 left on base; Milton 0 - Phoenix 0
BOTTOM OF THE 2ND
Phoenix Hotspur Reserves batting - Pitching for Milton Dogfish Head : RHP Francisco Barrios
Batting: RHB Hieronymus Bosch 0-0: Ground out 6-3 (Groundball, 6M)
Batting: RHB Julián De Paz 0-0: Foul Ball, location: 2F
0-1: Foul Ball, location: 2F
0-2: Ball
1-2: Ground out 6-3 (Groundball, 6)
Batting: RHB Solomon Norment 0-0: Ball
1-0: Ball
2-0: Ball
3-0: Called Strike
3-1: Swinging Strike
3-2: Strikes out swinging
Bottom of the 2nd over - 0 runs, 0 hits, 0 errors, 0 left on base; Milton 0 - Phoenix 0
TOP OF THE 3RD
Milton Dogfish Head batting - Pitching for Phoenix Hotspur Reserves : RHP José Ruíz
Batting: LHB Sergio Muńóz 0-0: Called Strike
0-1: Ball
1-1: Ball
2-1: Swinging Strike
2-2: Ground out 6-3 (Groundball, 6M)
Batting: RHB Darrell Terwey 0-0: Ball
1-0: Called Strike
1-1: Ball
2-1: Called Strike
2-2: Foul Ball, location: 2F
2-2: Fly out, F8 (Line Drive, 8LD)
Batting: RHB Yves Girard 0-0: Ball
1-0: Foul Ball, location: 2F
1-1: Ground out 1-3 (Groundball, P)
Top of the 3rd over - 0 runs, 0 hits, 0 errors, 0 left on base; Milton 0 - Phoenix 0
BOTTOM OF THE 3RD
Phoenix Hotspur Reserves batting - Pitching for Milton Dogfish Head : RHP Francisco Barrios
Batting: RHB Jim Justice 0-0: Ball
1-0: Called Strike
1-1: Ball
2-1: Foul Ball, location: 2F
2-2: Foul Ball, location: 2F
2-2: Foul Ball, location: 2F
2-2: Fly out, F7 (Flyball, 78M)
Batting: RHB Jesús Mejía 0-0: Fly out, F3 (Popup, 3SF)
Batting: LHB Derek Blair 0-0: Hit by Pitch
Batting: RHB Francisco Arriagada 0-0: Ball
1-0: Ball
2-0: Called Strike
2-1: Ball
3-1: Called Strike
3-2: Reached on error, E4 (Groundball, 4)
Derek Blair to second
Batting: RHB Satoshi Terada 0-0: Ball
1-0: Called Strike
1-1: Ball
2-1: Foul Ball, location: 2F
2-2: Fielders Choice at 2nd, 4-6 (Groundball, 4MD)
Bottom of the 3rd over - 0 runs, 0 hits, 1 error, 2 left on base; Milton 0 - Phoenix 0
TOP OF THE 4TH
Milton Dogfish Head batting - Pitching for Phoenix Hotspur Reserves : RHP José Ruíz
Batting: SHB Tony Walsh 0-0: Ball
1-0: Foul Ball, location: 2F
1-1: Foul Ball, location: 2F
1-2: Ball
2-2: Foul Ball, location: 2F
2-2: Foul Ball, location: 2F
2-2: Foul Ball, location: 2F
2-2: Fly out, F8 (Flyball, 8LM)
Batting: SHB Javier Luna 0-0: Ball
1-0: Called Strike
1-1: Ball
2-1: Foul Ball, location: 2F
2-2: SINGLE (Groundball, 34S) (infield hit)
Batting: SHB Alejandro Castillo 0-0: Ball
1-0: Ball
2-0: Called Strike
2-1: Ball
3-1: Base on Balls
Javier Luna to second
Batting: RHB Bill Tan 0-0: Called Strike
Javier Luna steals 3rd base
Alejandro Castillo to second
0-1: DOUBLE (Groundball, 5L)
Javier Luna scores
Alejandro Castillo scores
Batting: LHB Jeff Lawson 0-0: Called Strike
0-1: Ground out 6-3 (Groundball, 6)
Bill Tan to third
Batting: SHB Enrique Costello 0-0: SINGLE (Line Drive, 89S)
Bill Tan scores
Batting: LHB Sergio Muńóz 0-0: Foul Ball, location: 2F
0-1: Ball
1-1: Ball
2-1: SINGLE (Line Drive, 4M)
Enrique Costello to second
Runner from 2nd tries for 3rd, SAFE, no throw
Batting: RHB Darrell Terwey 0-0: Ball
1-0: Ball
2-0: Called Strike
2-1: Swinging Strike
2-2: Ball
3-2: Strikes out swinging
Top of the 4th over - 3 runs, 4 hits, 0 errors, 2 left on base; Milton 3 - Phoenix 0
BOTTOM OF THE 4TH
Phoenix Hotspur Reserves batting - Pitching for Milton Dogfish Head : RHP Francisco Barrios
Batting: RHB Bob Curry 0-0: Ball
1-0: Ground out 4-3 (Groundball, 4M)
Batting: RHB Hieronymus Bosch 0-0: Swinging Strike
0-1: Ground out 6-3 (Groundball, 56)
Batting: RHB Julián De Paz 0-0: Swinging Strike
0-1: Ball
1-1: Ball
2-1: Swinging Strike
2-2: Ground out 5-3 (Groundball, 56)
Bottom of the 4th over - 0 runs, 0 hits, 0 errors, 0 left on base; Milton 3 - Phoenix 0
TOP OF THE 5TH
Milton Dogfish Head batting - Pitching for Phoenix Hotspur Reserves : RHP José Ruíz
Batting: RHB Yves Girard 0-0: Foul Ball, location: 2F
0-1: Fly out, F8 (Flyball, 8LD)
Batting: SHB Tony Walsh 0-0: Ball
1-0: Called Strike
1-1: Ball
2-1: SINGLE (Line Drive, 9S)
Batting: SHB Javier Luna 0-0: Foul Ball, location: 2F
0-1: Ball
1-1: Ball
2-1: Ball
3-1: Grounds into double play, 4-6-3 (Groundball, 4M)
Top of the 5th over - 0 runs, 1 hit, 0 errors, 0 left on base; Milton 3 - Phoenix 0
BOTTOM OF THE 5TH
Phoenix Hotspur Reserves batting - Pitching for Milton Dogfish Head : RHP Francisco Barrios
Batting: RHB Solomon Norment 0-0: Ball
1-0: Fly out, F8 (Flyball, 8RS)
Batting: RHB Jim Justice 0-0: Ball
1-0: Called Strike
1-1: Foul Ball, location: 2F
1-2: Foul Ball, location: 2F
1-2: Foul Ball, location: 2F
1-2: Strikes out swinging
Batting: RHB Jesús Mejía 0-0: Called Strike
0-1: Ball
1-1: Ball
2-1: Ball
3-1: Foul Ball, location: 2F
3-2: Foul Ball, location: 2F
3-2: SINGLE (Groundball, 56S) (infield hit)
Batting: LHB Derek Blair 0-0: Ball
1-0: Called Strike
1-1: Foul Ball, location: 2F
1-2: Foul Ball, location: 2F
1-2: Ball
2-2: Strikes out swinging
Bottom of the 5th over - 0 runs, 1 hit, 0 errors, 1 left on base; Milton 3 - Phoenix 0
TOP OF THE 6TH
Milton Dogfish Head batting - Pitching for Phoenix Hotspur Reserves : RHP José Ruíz
Batting: SHB Alejandro Castillo 0-0: Called Strike
0-1: Ball
1-1: Swinging Strike
1-2: Strikes out swinging
Batting: RHB Bill Tan 0-0: Ball
1-0: Called Strike
1-1: Ball
2-1: DOUBLE (Line Drive, 78D)
Batting: LHB Jeff Lawson 0-0: Called Strike
0-1: Foul Ball, location: 2F
0-2: Foul Ball, location: 2F
0-2: Ball
1-2: Strikes out swinging
Batting: SHB Enrique Costello 0-0: Foul Ball, location: 2F
0-1: Ball
1-1: SINGLE (Line Drive, 34D)
Bill Tan to third
Runner from 3rd tries for Home, SAFE, throw made home
Batting: LHB Sergio Muńóz 0-0: Fielders Choice at 2nd, 5-4 (Groundball, 56)
Top of the 6th over - 1 run, 2 hits, 0 errors, 1 left on base; Milton 4 - Phoenix 0
BOTTOM OF THE 6TH
Phoenix Hotspur Reserves batting - Pitching for Milton Dogfish Head : RHP Francisco Barrios
Batting: RHB Francisco Arriagada 0-0: Ball
1-0: Ball
2-0: Ball
3-0: Called Strike
3-1: Ground out 5-3 (Groundball, 56)
Batting: RHB Satoshi Terada 0-0: Ball
1-0: Swinging Strike
1-1: Fly out, F9 (Flyball, 9)
Batting: RHB Bob Curry 0-0: Ball
1-0: Called Strike
1-1: Ball
2-1: Foul Ball, location: 2F
2-2: Ball
3-2: Base on Balls
Batting: RHB Hieronymus Bosch 0-0: 2-RUN HOME RUN (Flyball, 7D), Distance : 379 ft
Batting: RHB Julián De Paz 0-0: Foul Ball, location: 2F
0-1: Ball
1-1: Ground out 6-3 (Groundball, 6)
Bottom of the 6th over - 2 runs, 1 hit, 0 errors, 0 left on base; Milton 4 - Phoenix 2
TOP OF THE 7TH
Milton Dogfish Head batting - Pitching for Phoenix Hotspur Reserves : RHP José Ruíz
Batting: RHB Darrell Terwey 0-0: Fly out, F6 (Popup, P)
Batting: RHB Yves Girard 0-0: Ball
1-0: Fly out, F8 (Flyball, 78D)
Batting: SHB Tony Walsh 0-0: Called Strike
0-1: Ball
1-1: Called Strike
1-2: Foul Ball, location: 2F
1-2: Strikes out swinging
Top of the 7th over - 0 runs, 0 hits, 0 errors, 0 left on base; Milton 4 - Phoenix 2
BOTTOM OF THE 7TH
Phoenix Hotspur Reserves batting - Pitching for Milton Dogfish Head : RHP Francisco Barrios
Batting: RHB Solomon Norment 0-0: Ball
1-0: SINGLE (Line Drive, 89M)
Batting: RHB Jim Justice 0-0: Ball
1-0: Fly out, F8 (Flyball, 8RS)
Batting: RHB Jesús Mejía 0-0: Ball
1-0: Called Strike
1-1: Foul Ball, location: 2F
1-2: Grounds out, U3 (Groundball, 3L)
Batting: LHB Derek Blair 0-0: Ball
1-0: Called Strike
1-1: Ball
2-1: Swinging Strike
2-2: Ball
3-2: Strikes out swinging
Bottom of the 7th over - 0 runs, 1 hit, 0 errors, 1 left on base; Milton 4 - Phoenix 2
TOP OF THE 8TH
Milton Dogfish Head batting - Pitching for Phoenix Hotspur Reserves : RHP José Ruíz
Pitching: RHP Dennis Dunn
Batting: SHB Javier Luna 0-0: Called Strike
0-1: Ball
1-1: Swinging Strike
1-2: Ball
2-2: Foul Ball, location: 2F
2-2: SINGLE (Line Drive, 9S)
Batting: SHB Alejandro Castillo 0-0: Called Strike
0-1: Ball
1-1: Ball
2-1: Ball
3-1: Sac Bunt - play at first, batter OUT! 3-4
Javier Luna to second
Batting: RHB Bill Tan 0-0: SINGLE (Line Drive, 7S)
Javier Luna to third
Runner from 3rd tries for Home, SAFE, no throw
Batting: LHB Jeff Lawson 0-0: Ball
1-0: Foul Ball, location: 2F
1-1: Ball
2-1: Ball
3-1: Swinging Strike
3-2: Foul Ball, location: 2F
3-2: Foul Ball, location: 2F
3-2: Strikes out swinging
Batting: SHB Enrique Costello 0-0: Called Strike
0-1: Ball
1-1: Ground out 4-3 (Groundball, 4)
Top of the 8th over - 1 run, 2 hits, 0 errors, 1 left on base; Milton 5 - Phoenix 2
BOTTOM OF THE 8TH
Phoenix Hotspur Reserves batting - Pitching for Milton Dogfish Head : RHP Francisco Barrios
Pitching: LHP Shun'ichi Tanaka
Batting: RHB Francisco Arriagada 0-0: Ball
1-0: Ball
2-0: SINGLE (Groundball, 6MS) (infield hit)
Batting: RHB Satoshi Terada 0-0: Ball
1-0: Ball
2-0: Foul Ball, location: 2F
2-1: Fly out, F8 (Flyball, 8RD)
Batting: RHB Bob Curry 0-0: Ball
1-0: Ball
2-0: Called Strike
2-1: Ball
3-1: SINGLE (Line Drive, 8RS)
Francisco Arriagada to second
Batting: RHB Hieronymus Bosch 0-0: Called Strike
0-1: Foul Ball, location: 2F
0-2: Ball
1-2: Strikes out looking
Batting: RHB Julián De Paz 0-0: Ball
1-0: 3-RUN HOME RUN (Line Drive, 7D), Distance : 389 ft
Pitching: RHP Anderson O'Mara
Pinch Hitting: LHB Corey Ferguson 0-0: Fly out, F8 (Flyball, 8RD)
Bottom of the 8th over - 3 runs, 3 hits, 0 errors, 0 left on base; Milton 5 - Phoenix 5
TOP OF THE 9TH
Milton Dogfish Head batting - Pitching for Phoenix Hotspur Reserves : RHP Dennis Dunn
Pitching: RHP Roger Taylor
Now at 2B: Larry Bryant
Batting: LHB Sergio Muńóz 0-0: Called Strike
0-1: Ball
1-1: Called Strike
1-2: SOLO HOME RUN (Line Drive, 7LD), Distance : 348 ft
Batting: RHB Darrell Terwey 0-0: Ball
1-0: Ball
2-0: Called Strike
2-1: Foul Ball, location: 2F
2-2: Fly out, F8 (Flyball, 8RXD)
Batting: RHB Yves Girard 0-0: Ball
1-0: Called Strike
1-1: Ball
2-1: Called Strike
2-2: Strikes out swinging
Batting: SHB Tony Walsh 0-0: Called Strike
0-1: Ball
1-1: Swinging Strike
1-2: Ball
2-2: Strikes out swinging
Top of the 9th over - 1 run, 1 hit, 0 errors, 0 left on base; Milton 6 - Phoenix 5
BOTTOM OF THE 9TH
Phoenix Hotspur Reserves batting - Pitching for Milton Dogfish Head : RHP Anderson O'Mara
Pinch Hitting: LHB Jason DeGeorge 0-0: Called Strike
0-1: Ball
1-1: Swinging Strike
1-2: Foul Ball, location: 2F
1-2: Ball
2-2: Foul Ball, location: 2F
2-2: Fly out, F4 (Popup, 4M)
Batting: RHB Jesús Mejía 0-0: Ball
1-0: Foul Ball, location: 2F
1-1: SINGLE (Groundball, 6MD)
Batting: LHB Derek Blair 0-0: Called Strike
0-1: Ball
1-1: Foul Ball, location: 2F
1-2: DOUBLE (Flyball, 78D)
Jesús Mejía to third
Batting: RHB Francisco Arriagada 0-0: Swinging Strike
0-1: SINGLE (Line Drive, 6D)
Jesús Mejía scores
Derek Blair to third
Runner from 3rd tries for Home, SAFE, no throw
Sunday, March 18th, 2018 - OOTP Baseball 18.8 Build 76